 Dungeon Crawl Stone Soup version 0.30.1-3-gfc49f6343a (webtiles) character file.

Game seed: 15701061169781123252

755 growler the Conjurer (level 7, 35/35 HPs)
             Began as a Felid Conjurer on Aug 9, 2023.
             Was an Initiate of the Shining One.
             Quit the game on level 7 of the Dungeon.
             The game lasted 00:35:32 (9578 turns).

growler the Conjurer (Felid Conjurer)               Turns: 9578, Time: 00:35:33

Health: 35/35      AC:  6    Str:  3    XL:     7   Next: 49%
Magic:  17/17      EV: 17    Int: 24    God:    the Shining One [......]
Gold:   331        SH:  0    Dex: 14    Spells: 4/18 levels left
                                        Lives:  0   Deaths: 2

rFire   . . .        (weapon unavailable)
rCold   . . .        (shield unavailable)
rNeg    . . .        (body armour unavailable)
rPois   +            (helmet unavailable)
rElec   .            (cloak unavailable)
rCorr   .            (gloves unavailable)
SInv    +            (boots unavailable)
Will    +....        o - amulet of faith
Stlth   +            t - ring of Ephemeral Luck {+Blink rPois AC+4}
HPRegen 0.25/turn    (no ring)
MPRegen 0.15/turn

%: faith
@: glowing, quick
A: very small, claws 1, fangs 3, see invisible, speed 1, shaggy fur 2, stealthy
paws, no weapons or thrown items, no armour, multi-lived
a: Renounce Religion, Evoke Blink


You were on level 7 of the Dungeon.
You worshipped the Shining One.
The Shining One was noncommittal.
You visited 2 branches of the dungeon, and saw 8 of its levels.

You collected 331 gold pieces.

Inventory:

Jewellery
 o - an amulet of faith (around neck)
 t - the ring of Ephemeral Luck (left paw) {+Blink rPois AC+4}
   (You found it on level 5 of the Dungeon)

   [ring of protection]

   AC:        It affects your AC (+4).
   rPois:     It protects you from poison.
   +Blink:    It lets you blink.
Wands
 m - a wand of paralysis (3)
 D - a wand of flame (19)
Scrolls
 b - 9 scrolls of identify {unknown}
 c - 2 scrolls of teleportation
 d - a scroll of noise
 e - 2 scrolls of magic mapping {unknown}
 i - 4 scrolls of enchant weapon {unknown}
 l - a scroll of amnesia {unknown}
 n - a scroll of vulnerability {unknown}
 p - a scroll of brand weapon {unknown}
 q - a scroll of summoning {unknown}
 r - 2 scrolls of blinking {unknown}
 s - 3 scrolls of immolation {unknown}
 u - 3 scrolls of poison {unknown}
 x - a scroll of fear {unknown}
 y - a scroll of enchant armour {unknown}
 A - a scroll of torment {unknown}
 C - a scroll of fog {unknown}
Potions
 a - 2 potions of magic
 f - 3 potions of flight {unknown}
 g - a potion of might {unknown}
 h - 2 potions of curing {unknown}
 j - 3 potions of heal wounds {unknown}
 k - a potion of brilliance {unknown}
 v - a potion of lignification {unknown}
 w - a potion of attraction {unknown}
 z - a potion of cancellation {unknown}
 B - a potion of haste {unknown}


   Skills:
 + Level 6.6 Fighting
 - Level 2.6 Dodging
 - Level 2.6 Stealth
 + Level 6.3 Spellcasting
 + Level 7.1 Conjurations
 - Level 6.0 Hexes
 + Level 3.2 Translocations


You had 4 spell levels left.
You knew the following spells:

 Your Spells              Type           Power      Damage    Failure   Level
a - Magic Dart            Conj           100%       1d8       1%          1
b - Searing Ray           Conj           84%        2d7       1%          2
c - Dazzling Flash        Conj/Hex       78%        N/A       1%          3
d - Fulminant Prism       Conj/Hex       19%        3d10      4%          4
e - Iskenderun's Mystic   Conj/Tloc      32%        2d8       9%          4

Your spell library contained the following spells:

 Spells                   Type           Power      Damage    Failure   Level
 Foxfire                  Conj/Fire      96%        2x1d8     1%          1
 Shock                    Conj/Air       96%        1d9       1%          1
 Lesser Beckoning         Tloc           46%        N/A       3%          2
 Hailstorm                Conj/Ice       24%        3d7       5%          3
 Gell's Gravitas          Tloc           23%        N/A       6%          3
 Teleport Other           Tloc           23%        N/A       6%          3
 Beastly Appendage        Tmut           14%        N/A       8%          1
 Freeze                   Ice            28%        1d5       8%          1
 Wereblood                Tmut           7%         N/A       12%         2
 Frozen Ramparts          Ice            14%        1d3       22%         3
 Spider Form              Tmut/Pois      7%         N/A       22%         3
 Swiftness                Air            7%         N/A       22%         3
 Airstrike                Air            3%         2d(1-17)  58%         4
 Fireball                 Conj/Fire      12%        3d7       43%         5
 Starburst                Conj/Fire      12%        6d5       95%         6
 Plasma Beam              Fire/Air       3%         2x1d15    100%        6


Dungeon Overview and Level Annotations

Branches:
Dungeon (7/15)             Temple (1/1) D:7

Altars:
Ashenzari
Cheibriados
Elyvilon
Gozag
Hepliaklqana
Kikubaaqudgha
Makhleb
Nemelex Xobeh
Qazlal
Sif Muna
Trog
Uskayaw
Vehumet
Wu Jian
The Shining One

Shops:
D:1 [

Annotations:
D:6 Edmund
D:7 Joseph


Innate Abilities, Weirdness & Mutations

You have sharp claws.
You have razor-sharp teeth.
You have supernaturally acute eyesight. (SInv)
You cover ground quickly. (Speed+)
You are covered in thick fur. (AC +2)
Your paws help you pounce on unaware monsters.
You are incapable of wielding weapons or throwing items.
You cannot wear armour.
You gain extra lives every three experience levels.


Message History

Casting: Fulminant Prism (quite dangerous; 4% risk of failure)
Confirm with . or Enter, or press ? or * to list all spells.
The spell is quite dangerous to miscast (4% risk of failure)!
Continue anyway?
Aiming: Fulminant Prism (quite dangerous; 4% risk of failure)
Press: ? - help, Dir - move target You conjure a prism of explosive energy!
A fulminant prism comes into view.
The centaur shoots an arrow.
The arrow hits you!
You can't go up here!
Unknown command.
Casting: Fulminant Prism (quite dangerous; 4% risk of failure)
Confirm with . or Enter, or press ? or * to list all spells.
Aiming: Searing Ray (safe; 1% risk of failure)
Press: ? - help, Shift-Dir - straight line, f - Joseph
Aim: Joseph, wielding a +0 sling and wearing a +0 leather armour (lightly wounded, ally target, 82% to hit)
The searing ray hits Joseph!
Joseph is moderately wounded. (Press . to maintain the ray.)
The centaur shoots an arrow.
The arrow misses you.
Joseph shoots a sling bullet.
The sling bullet hits you!
The centaur shoots an arrow.
The arrow hits you!
Your fulminant prism crackles loudly.
The searing ray hits Joseph!
Joseph is moderately wounded.
The centaur shoots an arrow.
The arrow hits you but does no damage.
Joseph shoots a sling bullet.
The sling bullet closely misses you.
Your fulminant prism explodes!
The blast of energy engulfs Joseph!
Joseph is heavily wounded.
The searing ray hits Joseph!
Joseph is heavily wounded.
The centaur shoots an arrow.
The arrow hits you!
* * * LOW HITPOINT WARNING * * *
Joseph says, "Return every stolen item!"
Joseph shoots a sling bullet.
The sling bullet barely misses you.
The centaur shoots an arrow.
The arrow hits you!
You die...
You are now level 7!
You rejoin the land of the living...
Are you sure you want to abandon this character and quit the game? (Confirm with "yes".)

#.# ##.# ##.# ...##
### #...## ..#
.....# #.#
#...#####.######.#
##............##.#
#.######.# #.##@###
#.# #.###......#
##'## #......###.#
#...## #####..# #.#
.....## ###.###.#
(.....## ##.#.....#
...[...####...##.###
.......'.......#.#
.......####...##.#


There were no monsters in sight!

Vanquished Creatures
  Grinder (D:4)
  Menkaure (D:6)
  3 water moccasins
  3 sky beasts
  2 ice beasts
  A black bear (D:6)
  2 centaurs
  3 phantoms
  A kobold brigand (D:6)
  A bullfrog (D:6)
  2 scorpions
  Dowan (D:7)
  2 howler monkeys (D:7)
  3 hounds (D:6)
  A jelly (D:7)
  An orc priest (D:4)
  2 iguanas
  2 sleepcaps (D:6)
  An orc wizard (D:6)
  Robin (D:2)
  4 gnolls (D:2)
  9 adders
  3 white imps
  3 ufetubi
  3 worms
  2 dart slugs
  8 orcs
  4 bats (D:3)
  7 endoplasms
  6 giant cockroaches
  16 goblins
  7 hobgoblins
  2 jackals (D:5)
  5 quokkas
  14 ball pythons
  3 frilled lizards
  12 kobolds
  9 rats
151 creatures vanquished.

Vanquished Creatures (others)
  A human (D:6)
  25 fulminant prisms
26 creatures vanquished.

Grand Total: 177 creatures vanquished

Notes
Turn   | Place    | Note
-------+----------+-------------------------------------------
     0 | D:1      | growler the Felid Conjurer began the quest for the Orb.
     0 | D:1      | Reached XP level 1. HP: 7/7 MP: 4/4
   296 | D:1      | Reached XP level 2. HP: 12/12 MP: 3/6
   299 | D:1      | Learned a level 2 spell: Searing Ray
   342 | D:1      | Found Duixkom's Armour Shop.
   435 | D:1      | Reached skill level 1 in Fighting
  1026 | D:1      | Reached XP level 3. HP: 7/15 MP: 0/7
  1111 | D:1      | Reached skill level 4 in Conjurations
  1254 | D:2      | Noticed Robin
  1312 | D:2      | Killed Robin
  1569 | D:2      | Learned a level 3 spell: Dazzling Flash
  1797 | D:2      | Reached XP level 4. HP: 19/19 MP: 5/9
  2867 | D:3      | Reached XP level 5. HP: 23/23 MP: 6/10
  2873 | D:3      | Learned a level 4 spell: Fulminant Prism
  4218 | D:4      | Reached skill level 1 in Hexes
  4548 | D:4      | Noticed a phantom
  4559 | D:4      | Killed a phantom
  4560 | D:4      | Gained mutation: You are covered in thick fur. (AC +2)
                  | [Felid growth]
  4560 | D:4      | Reached XP level 6. HP: 11/28 MP: 1/12
  4710 | D:4      | Noticed Grinder
  4729 | D:4      | Killed Grinder
  4730 | D:4      | Reached skill level 5 in Conjurations
  4746 | D:4      | Reached XP level 7. HP: 31/31 MP: 0/14
  5028 | D:5      | Entered Level 5 of the Dungeon
  5248 | D:5      | Learned a level 4 spell: Iskenderun's Mystic Blast
  5310 | D:5      | Found a stormy altar of Qazlal.
  5452 | D:5      | Identified the ring of Ephemeral Luck {+Blink rPois AC+4}
  5731 | D:5      | Reached skill level 5 in Hexes
  5855 | D:5      | Found an ornate altar of the Wu Jian Council.
  6175 | D:5      | Reached XP level 8. HP: 26/36 MP: 7/16
  6591 | D:6      | Reached skill level 5 in Spellcasting
  6624 | D:6      | Found a shimmering blue altar of Sif Muna.
  6672 | D:6      | Noticed Menkaure
  6680 | D:6      | Killed Menkaure
  6681 | D:6      | Reached skill level 5 in Fighting
  6681 | D:6      | Reached skill level 6 in Conjurations
  6969 | D:6      | Noticed Edmund
  7677 | D:6      | Found an ancient bone altar of Kikubaaqudgha.
  8000 | D:7      | Found a staircase to the Ecumenical Temple.
  8010 | Temple   | Entered the Ecumenical Temple
  8200 | Temple   | Became a worshipper of the Shining One
  8291 | D:7      | Reached XP level 9. HP: 41/41 MP: 8/19
  8423 | D:7      | Reached skill level 1 in Translocations
  8428 | D:7      | Noticed Joseph
  8550 | D:7      | Found a radiant altar of Vehumet.
  8571 | D:7      | Noticed Dowan
  8660 | D:7      | Killed Dowan
  8762 | D:7      | Slain by Joseph
  8763 | D:7      | Reached XP level 8. HP: -3/38 MP: 7/18
  8790 | D:7      | Reached skill level 7 in Conjurations
  9577 | D:7      | Shot with an arrow by a centaur
  9578 | D:7      | Reached XP level 7. HP: -5/35 MP: 7/17
  9578 | D:7      | Quit the game

Illustrated notes

Levels and vault maps discovered:
D:1:      minmay_arrival_stone_box, layout_basic, serial_shops,
          nicolae_shop_rolling_square, chequers_serial_rivers_micro_c
D:2:      layout_basic, grunt_decor_clamped, nrook_campfire, uniq_robin
D:3:      layout_basic, kennysheep_generic_room_5
D:4:      layout_basic, uniq_grinder
D:5:      layout_loops_ring, nzn_wu_jian_contemplation,
          nicolae_qazlal_beasts_of_the_sky, minmay_fountain_box,
          nrook_mini_vaults, kennysheep_generic_room_9
D:6:      layout_loops_corners, tgw_kikubaaqudgha, general_overflow_altar,
          uniq_edmund, uniq_menkaure
D:7:      layout_loops_corners, vehumet_altar_wand_db,
          minmay_temple_entry_waves, uniq_joseph, uniq_duvessa
Temple:   chequers_temple_sunken

Skill      XL: |  1  2  3  4  5  6  7  8  9 |
---------------+----------------------------+-----
Fighting       | 1 2 3 4 6 |  6.6
Conjurations   | 4 5 7 |  7.1
Spellcasting   | 3 4 6 |  6.3
Hexes          | 2 3 5 6 |  6.0
Translocations | 3 1 |  3.2
Dodging        | |  2.6
Stealth        | |  2.6

Action                     |  1- 3 |  4- 6 |  7- 9 || total
---------------------------+-------+-------+-------++-------
  Melee: Unarmed           |     2 |     8 |    10 ||    20
         Bite              |       |     3 |     2 ||     5
         Punch             |       |     1 |       ||     1
   Cast: Magic Dart        |    82 |   109 |   150 ||   341
         Searing Ray       |     1 |     5 |    17 ||    23
         Fulminant Prism   |       |       |    25 ||    25
         Dazzling Flash    |       |       |     1 ||     1
         Iskenderun's Myst |       |       |     2 ||     2
  Evoke: Wand              |       |     3 |     1 ||     4
    Use: Scroll            |       |     2 |       ||     2
   Stab: Paralysed         |       |     8 |     3 ||    11
 Armour: Skin              |       |       |    16 ||    16
  Dodge: Dodged            |     8 |     9 |    78 ||    95
